 Dungeon Crawl Stone Soup version 0.23.2-1-ga50397a (webtiles) character file.

Game seed: 5945117752161784921

46 Lickle the Skirmisher (level 3, -1/29 HPs)
             Began as a Demonspawn Abyssal Knight on Apr 23, 2019.
             Was a Believer of Lugonu.
             Slain by a gnoll
             ... wielding a +0 spear
              (7 damage)
             ... on level 2 of the Dungeon.
             The game lasted 00:10:05 (1592 turns).

Lickle the Skirmisher (Demonspawn Abyssal Knight)   Turns: 1592, Time: 00:10:06

Health: -1/29      AC:  5    Str: 13    XL:     3   Next: 46%
Magic:  5/5        EV: 11    Int: 13    God:    Lugonu [**....]
Gold:   73         SH:  0    Dex: 12    Spells: 2/2 levels left

rFire    . . .     SeeInvis .   a - +1 falchion
rCold    . . .     Gourm    .   (no shield)
rNeg     . . .     Faith    .   b - +0 leather armour
rPois    +         Spirit   .   (no helmet)
rElec    .         Reflect  .   (no cloak)
rCorr    +         Harm     .   (no gloves)
MR       .....                  (no boots)
Stlth    +.........             (no amulet)
HPRegen  0.09/turn              e - ring of poison resistance
MPRegen  0.09/turn              g - ring of resist corrosion

@: no status effects
A: iridescent scales 1
a: Depart the Abyss, Bend Space, Renounce Religion


You were on level 2 of the Dungeon.
You worshipped Lugonu.
Lugonu was pleased with you.
You were not hungry.

You visited 1 branch of the dungeon, and saw 2 of its levels.
You visited the Abyss 1 time.

You collected 73 gold pieces.

Inventory:

Hand Weapons
 a - a +1 falchion (weapon)
Armour
 b - a +0 leather armour (worn)
Jewellery
 e - a ring of poison resistance (left hand)
 g - a ring of resist corrosion (right hand)
Scrolls
 d - 2 scrolls of identify
Comestibles
 c - 2 rations


   Skills:
 * Level 3.3 Fighting
 + Level 2.2 Long Blades
 + Level 2.1 Armour
 * Level 1.5 Dodging
 * Level 0.9 Stealth
 * Level 2.8 Invocations


You had 2 spell levels left.
You didn't know any spells.
Your spell library was empty.

Dungeon Overview and Level Annotations

Branches:
Dungeon (2/15)

Altars:


Innate Abilities, Weirdness & Mutations

You are partially covered in iridescent scales. (AC +2)


Message History

The gnoll hits you from afar with a +0 spear.
A gnoll comes into view. It is wielding a +0 whip.
The gnoll shouts!
The gnoll hits you with a +0 spear.
You barely miss the gnoll. The gnoll hits you but does no damage.
You barely miss the gnoll. The gnoll hits you with a +0 spear!
You are too injured to fight recklessly!
You are too injured to fight recklessly!
You hit the gnoll but do no damage. The gnoll hits you but does no damage.
You hit the gnoll.
The gnoll is moderately wounded.
The gnoll hits you with a +0 spear. The gnoll misses you.
You riposte.
You barely miss the gnoll.
The gnoll is moderately wounded.
You hit the gnoll.
The gnoll is severely wounded.
The gnoll hits you with a +0 spear.
* * * LOW HITPOINT WARNING * * *
The gnoll hits you from afar with a +0 spear!
You die...

#...#.#.## .. ....#.#..
.. #......## .... #.
.##...g..# ....
#...........# ......
#..####.....####......
#..?..+..........>....
####..#.##g..†...........
>.......@.#.#............
#####..####.#....##......
#.. ................ #..
................. #..
.................
#..................##
...............####..
.....................
...#............


You could see a gnoll.

Vanquished Creatures
  A gnoll (D:2)
  A worm (D:2)
  A dart slug (D:1)
  5 bats
  3 giant cockroaches
  2 goblins (D:1)
  2 hobgoblins
  6 jackals (D:1)
  3 kobolds (D:1)
  A frilled lizard (D:1)
  3 rats (D:1)
28 creatures vanquished.

Notes
Turn   | Place    | Note
-------+----------+-------------------------------------------
     0 | Abyss:1  | Lickle the Demonspawn Abyssal Knight began the quest for
                  | the Orb.
     0 | Abyss:1  | Reached XP level 1. HP: 18/18 MP: 2/2
    11 | D:1      | Escaped the Abyss
   219 | D:1      | Reached skill level 1 in Dodging
   268 | D:1      | Gained mutation: You are partially covered in iridescent
                  | scales. (AC +2) [demonic ancestry]
   268 | D:1      | Reached XP level 2. HP: 5/24 MP: 3/3
  1047 | D:2      | Reached XP level 3. HP: 29/29 MP: 4/4
  1584 | D:2      | Reached ** piety under Lugonu
  1592 | D:2      | Slain by a gnoll

Skill      XL: |  1  2 |
---------------+-------+-----
Dodging        | 1 |  1.5
Long Blades    | 2 |  2.2
Armour         | 2 |  2.1
Fighting       | |  3.3
Stealth        | |  0.9
Invocations    | |  2.8

Action                   || total
-------------------------++-------
Melee: Falchion          ||    93
  Use: Scroll            ||     2
       Potion            ||     2
  Eat: Ration            ||     1
Armor: Leather armour    ||    38
Dodge: Dodged            ||    52
       Rpst.: Falchion   ||    17
